 Dungeon Crawl Stone Soup version 0.17.2-1-ge4368a0 (webtiles) character file.

2502 daftwullie the Basher (level 9, -3/92 HPs)
             Began as an Ogre Warper on Feb 8, 2017.
             Was a Follower of the Shining One.
             Shot with an arrow by a centaur (6 damage)
             ... on level 8 of the Dungeon on Feb 9, 2017.
             The game lasted 01:44:09 (10799 turns).

daftwullie the Basher (Ogre Warper)                Turns: 10799, Time: 01:44:09

Health: -3/92      AC:  3    Str: 18    XL:     9   Next: 53%
Magic:  12/19      EV: 10    Int: 15    God:    the Shining One [*.....]
Gold:   427        SH:  0    Dex:  9    Spells: 4 memorised, 13 levels left

rFire  . . .     SeeInvis .     N - +8 whip of Paper {freeze, rC+ MR++}
rCold  + . .     Clarity  .     b - +0 robe
rNeg   + . .     SustAt   +     (no shield)
rPois  .         Gourm    .     (helmet restricted)
rElec  .         Spirit   .     (no cloak)
rCorr  .         Warding  .     (gloves unavailable)
rMut   .         Stasis   .     (boots unavailable)
MR     ++...                    (no amulet)
Stlth  +.........               q - ring of positive energy
                                h - ring of sustain attributes

@: very slightly contaminated, glowing, very resistant to hostile enchantments,
very unstealthy
A: unfitting armour, tough skin 1
a: Renounce Religion


You were on level 8 of the Dungeon.
You worshipped the Shining One.
The Shining One was aware of your devotion.
You were not hungry.

You visited 2 branches of the dungeon, and saw 9 of its levels.

You collected 427 gold pieces.

Inventory:

Hand Weapons
 a - a +0 giant spiked club
 e - a +0 mace
 s - a +2 mace
 u - a +0 mace
 N - the +8 whip of Paper (weapon) {freeze, rC+ MR++}
   (You found it on level 6 of the Dungeon)

   It has been specially enchanted to freeze those struck by it, causing extra
   injury to most foes and up to half again as much damage against particularly
   susceptible opponents.
   It can also slow down cold-blooded creatures.
   It protects you from cold.
   It affects your resistance to hostile enchantments.
 O - a +3 flail of crushing
Missiles
 j - 155 stones (quivered)
 z - 63 sling bullets
 L - 17 sling bullets of flame
 P - 2 throwing nets
Armour
 b - a +0 robe (worn)
Jewellery
 h - a ring of sustain attributes (left hand)
 k - an uncursed ring of teleportation
 q - a ring of positive energy (right hand)
 x - an uncursed ring of stealth
Wands
 m - a wand of fireball (0)
 D - a wand of slowing (22)
 Q - a wand of polymorph (17)
 R - a wand of slowing (19)
Scrolls
 d - a scroll of blinking
 l - 5 scrolls of teleportation
 n - 4 scrolls of remove curse
 p - a scroll of enchant weapon {unknown}
 v - 2 scrolls of magic mapping
 y - 3 scrolls of identify
 E - 2 scrolls of immolation {unknown}
 F - 2 scrolls of random uselessness {unknown}
Potions
 g - 3 potions of lignification
 i - a potion of flight
 o - 2 potions of brilliance
 r - a potion of haste
 t - 2 potions of cure mutation
 w - a potion of might
 A - a potion of invisibility {unknown}
 B - a potion of resistance {unknown}
 G - a potion of curing {unknown}
 I - a potion of poison {unknown}
 K - a potion of heal wounds {unknown}
Books
 c - a book of Spatial Translocations

   Spells                             Type                      Level
   a - Apportation                    Translocation                1
   b - Blink                          Translocation                2
   c - Shroud of Golubria             Charms/Translocation         2
   d - Portal Projectile              Translocation                3
   e - Teleport Other                 Translocation                3
   f - Passage of Golubria            Translocation                4
Comestibles
 f - 6 bread rations
 C - a royal jelly


   Skills:
 + Level 6.6 Fighting
 * Level 8.6 Maces & Flails
 + Level 3.1 Throwing
 - Level 2.1 Dodging
 * Level 7.1 Spellcasting
 - Level 0.3 Charms
 * Level 4.5 Translocations
 * Level 2.9 Invocations
 * Level 2.7 Evocations


You had 13 spell levels left.
You knew the following spells:

 Your Spells              Type           Power        Failure   Level  Hunger
a - Apportation           Tloc           ###.......   1%          1    None
b - Blink                 Tloc           N/A          3%          2    None
c - Shroud of Golubria    Chrm/Tloc      ##........   10%         2    None
d - Passage of Golubria   Tloc           N/A          24%         4    ####...


Dungeon Overview and Level Annotations

Branches:
Dungeon (8/15)             Temple (1/1) D:6
   Lair: D:8-11

Altars:
Cheibriados
Fedhas
Kikubaaqudgha
Okawaru
Qazlal
Sif Muna
Xom
Yredelemnul
Zin
The Shining One

Shops:
D:8 %

Annotations:
D:4 Sigmund
D:8 Joseph


Innate Abilities, Weirdness & Mutations

You are too large for most types of armour.
You have tough skin (AC +1).


Message History

Okay, then.
Read which item? (? for menu, Esc to quit)
Okay, then.
Casting: Shroud of Golubria
Confirm with . or Enter, or press ? or * to list all spells.
Okay, then.
Casting: Shroud of Golubria
Confirm with . or Enter, or press ? or * to list all spells.
You miscast Shroud of Golubria.
Nothing appears to happen.
The centaur hits you!
* * * LOW HITPOINT WARNING * * *
Evoke which item? (* to show all) (? for menu, Esc to quit)
Okay, then.
Read which item? (? for menu, Esc to quit)
Blink to where?
Press: ? - help, Dir - move target cursor
As you read the scroll of blinking, it crumbles to dust.
The centaur wields an uncursed shortbow.
The centaur shoots an arrow.
The arrow hits you.
You die...

#....# #.#..###
##########......#
......##<).####.#
⌠.⌠.⌠.#.)#.# #.#
......###..# ##.##
....... #.## #...#
......# ..# #...#
⌠.⌠.⌠.#..## #.>.#
......#.### #..@#
#######..?.##♣...#
## #..#....##
#.♣∩♣#..# #
#c......##..
##.♣........
#..(.....|..
#.#.(....... ..
#..#.........


You could see a centaur.

Vanquished Creatures
  2 hungry ghosts (D:8)
  2 sky beasts (D:8)
  A phantom (D:8)
  A wasp (D:8)
  An ice beast (D:5)
  2 ogres
  2 big kobolds
  A giant frog (D:6)
  A wyvern skeleton (D:8)
  5 killer bees (D:7)
  4 wights (D:7)
  2 jellies
  A crimson imp (D:8)
  2 hounds
  A wasp zombie (D:8)
  A giant frog zombie (D:7)
  2 quasits
  The ghost of pedritolo the Sneak, a weakling SpEn of Gozag (D:3)
  An orc priest (D:4)
  Ijyb (D:2)
  2 iguanas
  4 orc wizards
  3 worker ants
  A worker ant zombie (D:4)
  9 adders
  7 gnolls
  2 shadow imps
  2 oozes
  An adder zombie (D:6)
  An adder skeleton (D:5)
  3 worms
  4 giant geckos
  23 orcs
  9 bats
  6 giant cockroaches
  14 goblins
  7 hobgoblins
  11 jackals
  13 kobolds
  2 ball pythons
  A ball python skeleton (D:4)
  A giant gecko zombie (D:5)
  3 giant newts
  10 quokkas
  A quokka skeleton (D:8)
  6 rats
180 creatures vanquished.

Notes
Turn   | Place    | Note
--------------------------------------------------------------
     0 | D:1      | daftwullie the Ogre Warper began the quest for the Orb.
     0 | D:1      | Reached XP level 1. HP: 22/22 MP: 3/3
   102 | D:1      | Reached skill level 3 in Maces & Flails
   102 | D:1      | Reached XP level 2. HP: 13/29 MP: 5/5
   106 | D:1      | Learned a level 2 spell: Blink
   109 | D:1      | Learned a level 2 spell: Shroud of Golubria
  1097 | D:1      | Reached XP level 3. HP: 26/37 MP: 5/7
  2016 | D:2      | Noticed Ijyb
  2040 | D:2      | Killed Ijyb
  2040 | D:2      | Reached XP level 4. HP: 35/48 MP: 2/8
  2267 | D:2      | Reached XP level 5. HP: 31/54 MP: 7/10
  2336 | D:2      | Found a shimmering altar of Xom.
  3237 | D:3      | Reached skill level 4 in Maces & Flails
  3667 | D:3      | Noticed pedritolo's ghost (weakling SpEn)
  3698 | D:3      | Killed pedritolo's ghost
  3953 | D:4      | Reached XP level 6. HP: 56/62 MP: 11/11
  3969 | D:4      | Noticed Sigmund
  4206 | D:4      | Found an ancient bone altar of Kikubaaqudgha.
  4334 | D:3      | HP: 3/62 [poisoned by a worker ant]
  4583 | D:3      | Learned a level 4 spell: Passage of Golubria
  5237 | D:5      | Entered Level 5 of the Dungeon
  5493 | D:5      | Reached skill level 5 in Maces & Flails
  5672 | D:5      | Found an iron altar of Okawaru.
  5728 | D:5      | Reached skill level 1 in Evocations
  5728 | D:5      | Reached XP level 7. HP: 20/71 MP: 8/14
  7039 | D:6      | Reached skill level 6 in Maces & Flails
  7039 | D:6      | Reached skill level 5 in Spellcasting
  7562 | D:6      | Reached skill level 5 in Fighting
  7562 | D:6      | Reached XP level 8. HP: 54/80 MP: 8/16
  7956 | D:6      | Found a staircase to the Ecumenical Temple.
  7960 | Temple   | Entered the Ecumenical Temple
  8048 | Temple   | Became a worshipper of the Shining One
  8153 | D:6      | Got a sapphire whip
  8154 | D:6      | Identified the +8 whip of Paper {freeze, rC+ MR++} (You found it on level 6 of the Dungeon)
  8624 | D:7      | Reached skill level 7 in Maces & Flails
  8905 | D:7      | Reached * piety under the Shining One
  9062 | D:7      | Reached skill level 1 in Invocations
  9320 | D:7      | Found a stormy altar of Qazlal.
  9420 | D:7      | Found a glowing silver altar of Zin.
  9425 | D:7      | Found a blossoming altar of Fedhas.
  9703 | D:8      | Reached XP level 9. HP: 89/89 MP: 18/18
  9804 | D:8      | Noticed Joseph
 10014 | D:8      | Reached skill level 8 in Maces & Flails
 10772 | D:8      | Found Saxocif's Food Emporium.
 10798 | D:8      | HP: 3/92 [centaur (9)]
 10799 | D:8      | Shot with an arrow by a centaur

Action                   |  1- 3 |  4- 6 |  7- 9 || total
-------------------------+-------+-------+-------++-------
Melee: Mace              |   138 |   289 |    28 ||   455
       Giant spiked club |       |       |   123 ||   123
       Whip              |       |       |   138 ||   138
Throw: Stone             |     3 |    37 |    36 ||    76
       Tomahawk          |       |       |     6 ||     6
       Large rock        |       |       |    46 ||    46
 Cast: Shroud of Golubri |     8 |    24 |    41 ||    73
       Blink             |     1 |     5 |     3 ||     9
Evoke: Wand              |       |     1 |     2 ||     3
  Use: Scroll            |     3 |     5 |     8 ||    16
 Stab: Sleeping          |       |     3 |     2 ||     5
  Eat: Chunk             |     4 |    14 |     3 ||    21
       Meat ration       |       |       |     2 ||     2
       Pizza             |       |       |     1 ||     1
       Bread ration      |       |       |     1 ||     1
       Beef jerky        |       |       |     1 ||     1
